 Dungeon Sprint DCSS version 0.20.1-1-g8b1a95d (webtiles) character file.

1622 suicidejoker the Martial Artist (level 11, -11/81 HPs)
             Began as an Octopode Monk on Aug 27, 2017.
             Was the Champion of Cheibriados.
             Mangled by a phantasmal warrior (33 damage)
             ... in the Dungeon (Sprint VI: "Thunderdome") on Aug 28, 2017.
             The game lasted 00:16:55 (888 turns).

suicidejoker the Martial Artist (Octopode Monk)      Turns: 888, Time: 00:16:55

Health: -11/81     AC:  3    Str: 35    XL:     11   Next: 49%
Magic:  6/18       EV: 38    Int: 41    God:    Cheibriados [******]
Gold:   100        SH:  0    Dex: 41    Spells: 5/20 levels left

rFire    + . .     SeeInvis +     - Unarmed
rCold    + + +     Gourm    .   (no shield)
rNeg     . . .     Faith    .   c - +2 hat {MR+}
rPois    +         Spirit   .   x - amulet of Jebbof {+Rage +Fly rPois Dex+2}
rElec    +         Reflect  .   l - ring of Unijatsa {rElec MR- Int+6 Stlth-}
rCorr    .         Harm     .   y - ring of the Barracuda {Ice Dex+6}
MR       +....     Rnd*Rage +   n - ring of Gozer {rElec rC+ EV+6 Str+6 Dex-3} Stlth +++++++...NoTele +
                                p - ring "Xeulaocy" {rF+ Slay+3 Stlth+}
Regen    0.3/turn               r - ring of the Sneaky Suns {rC+ Int+7 SInv}
MPRegen  0.2/turn               s - ring "Taiqucw" {Wiz Dex+3}
                                v - ring "Kawk" {rF+ Dex+2}
                                z - ring "Lueguica" {MR+ Str+2}

@: liquefying, slowed movement, very slow
A: almost no armour, stealthy swim, amphibious, 8 rings, constrict 8, camouflage
1, berserk 1, blurry vision 1, gelatinous body 1
}: 1/15 runes: decaying
a: Bend Time, Temporal Distortion, Slouch, Step From Time, Renounce Religion,
Evoke Berserk Rage, Evoke Flight


You were in the Dungeon.
You worshipped Cheibriados.
Cheibriados was exalted by your worship.
You were not hungry.

You visited 1 branch You collected 1500 gold pieces.
You spent 1400 gold pieces at shops.

Inventory:

Armour
 c - a +2 hat of magic resistance (worn)
Jewellery
 l - the ring of Unijatsa (left tentacle) {rElec MR- Int+6 Stlth-}
   (You bought it in a shop in the Dungeon)

   [ring of loudness]

   It affects your intelligence (+6).
   It insulates you from electricity.
   It affects your resistance to hostile enchantments.
   It makes you less stealthy.
 m - the ring "Hyepiab" {rElec rF+}
   (You bought it in a shop in the Dungeon)

   [ring of protection from fire]

   It protects you from fire.
   It insulates you from electricity.
 n - the ring of Gozer (on tentacle) {rElec rC+ EV+6 Str+6 Dex-3}
   (You bought it in a shop in the Dungeon)

   [ring of evasion]

   It affects your evasion (+6).
   It affects your strength (+6).
   It affects your dexterity (-3).
   It protects you from cold.
   It insulates you from electricity.
 o - the amulet of the Bruised Realms {Inacc MR+ Stlth+}
   (You bought it in a shop in the Dungeon)

   [amulet of inaccuracy]

   It reduces the accuracy of all your attacks.
   It affects your resistance to hostile enchantments.
   It makes you more stealthy.
 p - the ring "Xeulaocy" (on tentacle) {rF+ Slay+3 Stlth+}
   (You bought it in a shop in the Dungeon)

   [ring of protection from fire]

   It affects your accuracy and damage with ranged weapons and melee attacks
   (+3).
   It protects you from fire.
   It makes you more stealthy.
 q - the amulet "Mofe" {Inacc MR- Int+6 Dex+6}
   (You bought it in a shop in the Dungeon)

   [amulet of inaccuracy]

   It reduces the accuracy of all your attacks.
   It affects your intelligence (+6).
   It affects your dexterity (+6).
   It affects your resistance to hostile enchantments.
 r - the ring of the Sneaky Suns (on tentacle) {rC+ Int+7 SInv}
   (You bought it in a shop in the Dungeon)

   [ring of protection from cold]

   It affects your intelligence (+7).
   It protects you from cold.
   It lets you see invisible.
 s - the ring "Taiqucw" (on tentacle) {Wiz Dex+3}
   (You bought it in a shop in the Dungeon)

   [ring of wizardry]

   It improves your spell success rate.
   It affects your dexterity (+3).
 t - the amulet "Unyghue" {Gourm Str-5 Int+5}
   (You bought it in a shop in the Dungeon)

   [amulet of the gourmand]

   It allows you to eat raw meat even when not hungry.
   It affects your strength (-5).
   It affects your intelligence (+5).
 v - the ring "Kawk" (on tentacle) {rF+ Dex+2}
   (You bought it in a shop in the Dungeon)

   [ring of dexterity]

   It affects your dexterity (+2).
   It protects you from fire.
 w - the amulet of Okeissud {Gourm rC+ rN+}
   (You bought it in a shop in the Dungeon)

   [amulet of the gourmand]

   It allows you to eat raw meat even when not hungry.
   It protects you from cold.
   It protects you from negative energy.
 x - the amulet of Jebbof (around mantle) {+Rage +Fly rPois Dex+2}
   (You bought it in a shop in the Dungeon)

   [amulet of rage]

   It affects your dexterity (+2).
   It protects you from poison.
   It lets you fly.
   It lets you go berserk.
 y - the ring of the Barracuda (right tentacle) {Ice Dex+6}
   (You bought it in a shop in the Dungeon)

   [ring of ice]

   It enhances your ice magic.
   It affects your dexterity (+6).
   It makes you vulnerable to fire.
   It protects you from cold.
 z - the ring "Lueguica" (on tentacle) {MR+ Str+2}
   (You bought it in a shop in the Dungeon)

   [ring of protection from magic]

   It affects your strength (+2).
   It affects your resistance to hostile enchantments.
Wands
 h - a wand of acid (0/15)
 i - a wand of iceblast (0/15)
Scrolls
 g - 3 scrolls of blinking
 j - 3 scrolls of fog
Potions
 b - 9 potions of heal wounds
 d - 4 potions of haste
 e - 2 potions of magic
 f - a potion of berserk rage
Books
 u - a book of the Earth

   Spells                             Type                      Level
   a - Leda's Liquefaction            Hexes/Earth                  4
   b - Bolt of Magma                  Conjuration/Fire/Earth       5
   c - Statue Form                    Transmutation/Earth          6
   d - Iron Shot                      Conjuration/Earth            6
   e - Shatter                        Earth                        9
Comestibles
 a - a bread ration


   Skills:
 + Level 10.2 Fighting
 + Level 1.5 Throwing
 + Level 13.0 Dodging
 + Level 9.0 Stealth
 + Level 14.2 Unarmed Combat
 * Level 5.1 Spellcasting
 * Level 2.6 Conjurations
 * Level 5.8 Hexes
 * Level 6.1 Earth Magic
 * Level 10.4 Invocations
 + Level 5.2 Evocations


You had 5 spell levels left.
You knew the following spells:

 Your Spells              Type           Power        Failure   Level  Hunger
a - Leda's Liquefaction   Hex/Erth       ######....   1%          4    ##.....
b - Statue Form           Tmut/Erth      #####....    41%         6    ######.
c - Bolt of Magma         Conj/Fire/Erth ####......   9%          5    ####...


Dungeon Overview and Level Annotations

Branches:
Dungeon (1/1)

Altars:
Cheibriados
Dithmenos
Fedhas
Gozag
Kikubaaqudgha
Makhleb
Okawaru
Qazlal
Ru
Sif Muna
Trog
Uskayaw
Vehumet
Xom
Yredelemnul
Zin
The Shining One
Beogh
Jiyva
Lugonu

Shops:
D *[%??*?*:[((!!!!


Innate Abilities, Weirdness & Mutations

You cannot wear most types of armour.
You are very stealthy in the water. (Stealth+)
You are amphibious.
You can wear up to eight rings at the same time.
You can use your tentacles to constrict eight enemies at once.
Your skin changes colour to match your surroundings (Stealth+).
Your rubbery body absorbs attacks. (AC +1, EV +1)
You tend to lose your temper in combat.
Scrolls take you a little longer to read.


Message History

You destroy the eidolon!
Cheibriados thoroughly appreciates the change of pace.
Your Dodging skill increases to level 13!
Your Stealth skill increases to level 9!
Your Spellcasting skill increases to level 5!
Your Earth Magic skill increases to level 6!
You feel somewhat more hungry.
An eidolon comes into view.
The phantasmal warrior blinks!
The eidolon moves out of view.
The phantasmal warrior blinks!
Casting: Leda's Liquefaction
Confirm with . or Enter, or press ? or * to list all spells.
Aiming: Bolt of Magma
Press: ? - help, Shift-Dir - straight line, f - phantasmal warrior
Aim: a phantasmal warrior (moderately damaged)
The bolt of magma hits the phantasmal warrior.
The phantasmal warrior is severely damaged.
The phantasmal warrior blinks!
The phantasmal warrior hits you!!
You die...

#∩.......∩# #_......._#
#_......._# #_.[......#
###........[### #⌠§..........⌠#
######.8.[.......8.######
##∩___.....W###.......__∩##
###∩........8@# #.8........∩##
##.............###.............
#⌠..........###...###..........
#⌠....[.....# #.<.# #..........
#⌠..........###...###..†.......
##........[....###.............
###∩........8.# #.8........∩##
##∩___......###......___∩##
######.8.........8.######


You could see a phantasmal warrior.

Vanquished Creatures
  An eidolon (D)
  A wizard (D)
  2 sun demons (D)
  2 wolf spiders (D)
  A torpor snail (D)
  A demonic crawler (D)
  A jumping spider (D)
  A tyrant leech (D)
  3 wraiths (D)
  Sigmund (D)
  A tarantella (D)
  2 redbacks (D)
  2 fire elementals (D)
  4 fire bats (D)
  6 neqoxecs (D)
  A hell hound (D)
  A wight (D)
  Jessica (D)
  Terence (D)
  2 worker ants (D)
  A spectral adder (D)
  3 adder skeletons (D)
  A spectral bat (D)
  2 bat zombies (D)
  A quokka skeleton (D)
  A spectral ball python (D)
44 creatures vanquished.

Notes
Turn   | Place    | Note
-------+----------+-------------------------------------------
     0 | D        | suicidejoker the Octopode Monk began the quest for the Orb.
     0 | D        | Reached XP level 1. HP: 16/16 MP: 1/1
     1 | D        | Found a shadowy altar of Dithmenos.
     1 | D        | Found a shimmering altar of Xom.
     2 | D        | Found a roughly hewn altar of Beogh.
     2 | D        | Found a sacrificial altar of Ru.
     3 | D        | Found an opulent altar of Gozag.
     3 | D        | Found a blossoming altar of Fedhas.
     4 | D        | Found Atatoti's Bee Food.
     4 | D        | Found a glowing golden altar of the Shining One.
     4 | D        | Found a corrupted altar of Lugonu.
     4 | D        | Found a snail-covered altar of Cheibriados.
     4 | D        | Found Senkien's Identification Station.
     5 | D        | Found Ymne's Magic Scroll Shop.
     5 | D        | Round 1.
     6 | D        | Found Cokasharr's Magic Scroll Shop.
     6 | D        | Found Qogeh's Must-Have Magic.
     9 | D        | Found Mowkuuli's Jewellery.
     9 | D        | Found Nedubufo's Advanced Armour.
    11 | D        | Noticed Jessica
    14 | D        | Found a glowing silver altar of Zin.
    18 | D        | Became a worshipper of Cheibriados the Contemplative
    18 | D        | Reached * piety under Cheibriados
    18 | D        | Reached ** piety under Cheibriados
    19 | D        | Killed Jessica
    19 | D        | Reached skill level 4 in Unarmed Combat
    19 | D        | Reached XP level 2. HP: 22/22 MP: 2/2
    19 | D        | Reached XP level 3. HP: 27/27 MP: 3/3
    28 | D        | Bought a shimmering jade ring for 45 gold pieces
    28 | D        | Bought a slimy tin ring for 45 gold pieces
    28 | D        | Bought a sparkling wooden ring for 45 gold pieces
    28 | D        | Bought a pitted ivory amulet for 45 gold pieces
    28 | D        | Identified the ring of Unijatsa {rElec MR- Int+6 Stlth-} (You bought it in a shop in the Dungeon)
    29 | D        | Identified the ring "Hyepiab" {rElec rF+} (You bought it in a shop in the Dungeon)
    30 | D        | Identified the ring of Gozer {rElec rC+ EV+6 Str+6 Dex-3} (You bought it in a shop in the Dungeon)
    31 | D        | Identified the amulet of the Bruised Realms {Inacc MR+ Stlth+} (You bought it in a shop in the Dungeon)
    62 | D        | Noticed Terence
    62 | D        | Reached *** piety under Cheibriados
    62 | D        | Reached skill level 5 in Dodging
    62 | D        | Reached skill level 5 in Unarmed Combat
    66 | D        | Killed Terence
    66 | D        | Reached skill level 5 in Fighting
    66 | D        | Reached XP level 4. HP: 22/35 MP: 4/4
    67 | D        | Found a deep blue altar of Sif Muna.
    67 | D        | Found a stormy altar of Qazlal.
    67 | D        | Found Jerchoim's Staff Store.
    82 | D        | Noticed Sigmund
    90 | D        | Found an ancient bone altar of Kikubaaqudgha.
    98 | D        | Killed Sigmund
    98 | D        | Arena points: 14 (+14) [x2]
    98 | D        | Reached skill level 7 in Unarmed Combat
    98 | D        | Reached XP level 5. HP: 25/43 MP: 5/5
    98 | D        | Reached XP level 6. HP: 28/49 MP: 6/6
   117 | D        | Found a bloodstained altar of Trog.
   117 | D        | Found Dufroypp's Distillery.
   117 | D        | Found Pukawopp's Distillery.
   118 | D        | Found Optoum's Bottled Wisdom.
   121 | D        | Round 2.
   122 | D        | Found Akhloppus's Do-It-Yourself Clinic.
   122 | D        | Found a burning altar of Makhleb.
   122 | D        | Found a radiant altar of Vehumet.
   122 | D        | Found a basalt altar of Yredelemnul.
   124 | D        | Reached **** piety under Cheibriados
   149 | D        | Found a viscous altar of Jiyva.
   153 | D        | Found a hide-covered altar of Uskayaw.
   153 | D        | Found Hats's Weapon Rack.
   153 | D        | Found Hicifuts's Basic Armour.
   154 | D        | Found Aluicant's Miscellaneous Merchandise.
   159 | D        | Found Jeful's Premium Goods.
   159 | D        | Found an iron altar of Okawaru.
   222 | D        | Reached ***** piety under Cheibriados
   222 | D        | Reached skill level 5 in Stealth
   222 | D        | Reached skill level 8 in Unarmed Combat
   230 | D        | Arena points: 56 (+42) [x3]
   246 | D        | Round 3.
   247 | D        | Noticed a wraith
   247 | D        | Noticed a wraith
   247 | D        | Noticed a wraith
   247 | D        | Bought a sparkling tin ring for 45 gold pieces
   247 | D        | Bought a glittering bronze amulet for 45 gold pieces
   248 | D        | Identified the amulet "Mofe" {Inacc MR- Int+6 Dex+6} (You bought it in a shop in the Dungeon)
   267 | D        | Identified the ring "Xeulaocy" {rF+ Slay+3 Stlth+} (You bought it in a shop in the Dungeon)
   268 | D        | Killed a wraith
   268 | D        | Reached skill level 1 in Evocations
   268 | D        | Reached XP level 7. HP: 33/54 MP: 6/9
   270 | D        | Killed a wraith
   270 | D        | Reached skill level 9 in Unarmed Combat
   271 | D        | Reached ****** piety under Cheibriados
   274 | D        | Killed a wraith
   274 | D        | Arena points: 140 (+84) [x4]
   274 | D        | Reached skill level 10 in Dodging
   283 | D        | Bought a smoking amber ring for 45 gold pieces
   283 | D        | Bought a bound platinum ring for 45 gold pieces
   283 | D        | Identified the ring of the Sneaky Suns {rC+ Int+7 SInv} (You bought it in a shop in the Dungeon)
   284 | D        | Identified the ring "Taiqucw" {Wiz Dex+3} (You bought it in a shop in the Dungeon)
   303 | D        | Round 4.
   322 | D        | Noticed a neqoxec
   326 | D        | Killed a neqoxec
   326 | D        | Reached skill level 5 in Invocations
   326 | D        | Reached XP level 8. HP: 36/62 MP: 11/11
   348 | D        | Gained mutation: Scrolls take you a little longer to read. [a neqoxec]
   351 | D        | Gained mutation: You tend to lose your temper in combat. [a neqoxec]
   352 | D        | Reached skill level 10 in Unarmed Combat
   384 | D        | Arena points: 280 (+140) [x5]
   384 | D        | Reached skill level 11 in Unarmed Combat
   398 | D        | Round 5.
   409 | D        | Noticed a tyrant leech
   410 | D        | Noticed a witch
   418 | D        | Noticed a tyrant leech
   422 | D        | Killed a tyrant leech
   422 | D        | Reached XP level 9. HP: 37/68 MP: 14/14
   431 | D        | Killed a witch
   431 | D        | Arena points: 560 (+280) [x7]
   431 | D        | Reached skill level 12 in Unarmed Combat
   432 | D        | Got a decaying rune of Zot
   443 | D        | Bought a book of the Earth for 455 gold pieces
   448 | D        | Learned a level 4 spell: Leda's Liquefaction
   448 | D        | Reached skill level 1 in Throwing
   448 | D        | Reached skill level 1 in Spellcasting
   448 | D        | Reached XP level 10. HP: 49/76 MP: 16/16
   456 | D        | Learned a level 6 spell: Statue Form
   605 | D        | Round 6.
   698 | D        | Noticed a wolf spider
   700 | D        | Noticed a torpor snail
   700 | D        | Noticed a wolf spider
   703 | D        | Killed a torpor snail
   706 | D        | Killed a wolf spider
   706 | D        | Reached skill level 10 in Fighting
   706 | D        | Reached skill level 13 in Unarmed Combat
   709 | D        | Killed a wolf spider
   709 | D        | Arena points: 992 (+432) [x8]
   709 | D        | Reached XP level 11. HP: 58/81 MP: 16/18
   722 | D        | Bought a steaming platinum amulet for 45 gold pieces
   722 | D        | Bought a scintillating glass ring for 45 gold pieces
   722 | D        | Bought an ancient platinum amulet for 45 gold pieces
   723 | D        | Identified the amulet "Unyghue" {Gourm Str-5 Int+5} (You bought it in a shop in the Dungeon)
   724 | D        | Identified the ring "Kawk" {rF+ Dex+2} (You bought it in a shop in the Dungeon)
   726 | D        | Identified the amulet of Okeissud {Gourm rC+ rN+} (You bought it in a shop in the Dungeon)
   727 | D        | Bought a fine graven amulet for 45 gold pieces
   728 | D        | Identified the amulet of Jebbof {+Rage +Fly rPois Dex+2} (You bought it in a shop in the Dungeon)
   729 | D        | Bought a smoking copper ring for 45 gold pieces
   729 | D        | Identified the ring of the Barracuda {Ice Dex+6} (You bought it in a shop in the Dungeon)
   730 | D        | Bought a smoking glass ring for 45 gold pieces
   731 | D        | Identified the ring "Lueguica" {MR+ Str+2} (You bought it in a shop in the Dungeon)
   739 | D        | Round 7.
   767 | D        | Noticed a sun demon
   774 | D        | Learned a level 5 spell: Bolt of Magma
   779 | D        | Killed a sun demon
   779 | D        | Reached skill level 5 in Earth Magic
   779 | D        | Reached skill level 5 in Evocations
   792 | D        | Reached skill level 5 in Hexes
   823 | D        | Noticed a sun demon
   828 | D        | Killed a sun demon
   828 | D        | Reached skill level 1 in Conjurations
   828 | D        | Reached skill level 10 in Invocations
   831 | D        | HP: 4/81 [fire bat (4)]
   834 | D        | Arena points: 1622 (+630) [x9]
   834 | D        | Reached skill level 14 in Unarmed Combat
   842 | D        | Bought 3 potions of heal wounds for 105 gold pieces
   842 | D        | Bought 3 potions of heal wounds for 105 gold pieces
   842 | D        | Bought 3 potions of heal wounds for 105 gold pieces
   874 | D        | Round 8.
   875 | D        | Noticed an eidolon
   882 | D        | Noticed a phantasmal warrior
   885 | D        | Killed an eidolon
   885 | D        | Reached skill level 5 in Spellcasting
   886 | D        | Noticed an eidolon
   888 | D        | Mangled by a phantasmal warrior

Skill      XL: |  1  2  3  4  5  6  7  8  9 10 11 |
---------------+----------------------------------+-----
Fighting       | 4 5 7 8 9 10 | 10.2
Dodging        | 4 5 7 9 10 11 12 13 | 13.0
Stealth        | 3 4 5 6 7 9 |  9.0
Unarmed Combat | 4 5 7 8 9 11 12 13 14 | 14.2
Invocations    | 3 5 7 8 9 10 | 10.4
Evocations     | 1 2 3 4 5 |  5.2
Throwing       | 1 |  1.5
Spellcasting   | 1 3 5 |  5.1
Hexes          | 2 4 5 |  5.8
Earth Magic    | 2 4 6 |  6.1
Conjurations   | 2 |  2.6

Action                   |  1- 3 |  4- 6 |  7- 9 | 10-12 || total
-------------------------+-------+-------+-------+-------++-------
Melee: Unarmed           |     9 |    30 |    32 |    42 ||   113
       Tentacles         |     6 |    11 |    12 |    16 ||    45
       Constrict         |     3 |     4 |     7 |    10 ||    24
       Punch             |     2 |     2 |     2 |    11 ||    17
 Cast: Leda's Liquefacti |       |       |       |     2 ||     2
       Bolt of Magma     |       |       |       |     1 ||     1
Invok: Slouch            |       |       |       |     2 ||     2
Evoke: Wand              |     1 |     2 |     7 |       ||    10
  Use: Potion            |       |     3 |     2 |     2 ||     7
       Scroll            |       |     1 |       |       ||     1
 Stab: Distracted        |       |       |       |     2 ||     2
Armor: Skin              |       |       |       |     3 ||     3
Dodge: Dodged            |     8 |    92 |    28 |    73 ||   201
